Arrhythmia, neutral female human Tourist ------ |!.!.-# ------ |!...|# |..>@| --------- |!.!.## |....d### #........| |!!!.|# ----.-################## ###|....[..| ------# ## ### -----------.---- # |.......| # # # |..............| ### |.......| # ### ##...............| # |.......| # # # |...............########## |.......| # ### ####.......>.......| --------- # # # ---------------- ### ####### ### #---|----#---- # #|...<........#### #|...........| #-)..........| |...........| ------------- Arrhythmia the Sightseer Experience level: 5 Strength: 11 Dexterity: 16 Constitution: 15 Intelligence: 13 Wisdom: 8 Charisma: 13 Health: 0(36) Energy: 15(15) AC: 5 Gold: 1287 Moves: 1728 Your Inventory: Coins $ - 1287 gold pieces Weapons a - 16 uncursed +2 darts (in quiver) A - an [uncursed +0] long sword (weapon in hand) Armor m - an uncursed +0 Hawaiian shirt (being worn) x - an [uncursed] +0 helmet (being worn) E - an [uncursed +0] Hawaiian shirt M - a [blessed] +0 hooded cloak [dwarvish] (being worn) N - an [uncursed] +2 pair of hard shoes [iron] (being worn) Comestibles d - an uncursed [stale] egg e - an uncursed tin of lichen f - an uncursed food ration g - an uncursed eucalyptus leaf i - an uncursed Hot Futa Mare Dick Scrolls l - 3 uncursed scrolls of magic mapping t - an [uncursed] scroll labeled LEP GEX VEN ZEA [of teleportation] Potions k - 2 uncursed potions of extra healing p - a [cursed] amber potion [of gain level] u - an [uncursed] ochre potion [of gain energy] C - a [cursed] potion of extra healing F - an [uncursed] ruby potion [of healing] G - a [blessed] pink potion [of confusion] H - a [blessed] effervescent potion [of see invisible] I - an [uncursed] pink potion [of confusion] Rings L - a [blessed +3] chrysoberyl ring [of gain strength] Tools n - an uncursed expensive camera (0:86) o - an uncursed credit card w - an [uncursed] leash J - an [uncursed] partly used [tallow] candle (lit) (0:10) K - an [uncursed tallow] candle Spells known in the end: Name Level Category Fail Memory Your skills at the end: Fighting Skills Weapon Skills dart [Basic / Expert] Spellcasting Skills Final Attributes: You were devoutly aligned. Hunger level was 426. Your alignment was 18 / 18. Monster difficulty range was 0 - 4. Level difficulty was 3. Your luck was zero. You are dead. Vanquished creatures: 2 gnome lords a dwarf a werejackal 2 coyotes 2 giant rats 9 gnomes 5 gnome zombies a gecko 2 jackals a kobold 6 grid bugs 2 bats a lichen 3 kobold zombies 6 newts 44 creatures vanquished. Voluntary challenges: You used a wielded weapon 18 times. You read items or engraved 77 times. You put on armor 6 times. You never genocided any monsters. You never polymorphed an object. You never changed form. You used no wishes. You wrote Elbereth's name 23 times. You never encountered a bones level. You never used any Sokoban shortcuts. Dungeon overview: The Dungeons of Doom: levels 1 to 3 Level 1 a fountain a long staircase Level 2 a general store, a fountain Level 3 <- You were here a potion shop stairs to The Gnomish Mines The Gnomish Mines: Level 4 stairs to The Dungeons of Doom History has recorded: On T:1 you entered the Dungeons of Doom to retrieve the Amulet of Yendor! On T:361 you reached level 2 of The Dungeons of Doom. On T:505 you advanced to experience level 2. On T:565 you advanced to experience level 3. On T:1066 you advanced to experience level 4. On T:1108 you reached level 3 of The Dungeons of Doom. On T:1534 you reached level 1 of The Gnomish Mines. On T:1546 you advanced to experience level 5. Latest messages: You hear someone cursing shoplifters. You add "Elbereth" with your fingers to the writing in the dust. (4x) [HP+1=18] You add "Elbereth" with your fingers to the writing in the dust. (7x) [HP+1=19] You add "Elbereth" with your fingers to the writing in the dust. Your candle's flame flickers low! You add "Elbereth" with your fingers to the writing in the dust. The werejackal hits! [HP-5=14] You add "Elbereth" with your fingers to the writing in the dust. The werejackal hits! [HP-5=9] You add "Elbereth" with your fingers to the writing in the dust. The werejackal hits! [HP-4=5] You add "Elbereth" with your fingers to the writing in the dust. The werejackal hits! [HP-4=1] You add "Elbereth" with your fingers to the writing in the dust. The werejackal misses. You add "Elbereth" with your fingers to the writing in the dust. The werejackal changes into a jackal. The werejackal bites! You die... Final status: Aloha Arrhythmia the Tourist... You died in The Dungeons of Doom on dungeon level 3 with 1101 points, and 1287 pieces of gold, after 1728 moves. You were level 5 with a maximum of 36 hit points when you died.